Map: Romanticide LE

Players

DnS

  • Race: Protoss Protoss

AqueroN - Winner!

  • Race: Terran Terran

Event: DreamHack SC2 Masters 2021 Winter

VOD

Have the link to the VOD?

Description

Time

  • Played on: Oct. 6, 2021, 1:53 p.m.
  • Length: 12:30

All games in this series

Show
View Real Time Build Order
Export as new Build Order

DnS Protoss 

Build Orders: 1 Gate Expand, Phoenix Opening 

Get SALT Encoding   

  12  0:00  Probe  
  13  0:12  Probe  
  14  0:17  Pylon  
  14  0:24  Probe (Chrono Boost)  
  15  0:36  Gateway, Probe (Chrono Boost)  
  16  0:44  Probe (Chrono Boost)  
  16  0:45  Assimilator  
  17  0:51  Probe  
  18  1:03  Probe  
  19  1:15  Probe  
  20  1:24  Cybernetics Core  
  22  1:38  Nexus, Probe  
  21  1:43  Pylon  
  21  1:51  Probe  
  21  1:53  Assimilator  
  22  1:59  Adept (Chrono Boost)  
  22  2:03  Probe  
  26  2:15  Probe  
  26  2:17  Stargate  
  26  2:20  Adept (Chrono Boost)  
  28  2:27  Probe  
  29  2:40  Warp Gate, Probe (Chrono Boost)  
  30  2:50  Adept  
  32  2:51  Probe (Chrono Boost)  
  32  2:58  Probe (Chrono Boost)  
  34  3:00  Probe (Chrono Boost)  
  34  3:05  Probe x2 (Chrono Boost)  
  36  3:07  Phoenix (Chrono Boost)  
  39  3:16  Probe  
  39  3:17  Probe  
  41  3:20  Shield Battery  
  41  3:28  Probe  
  41  3:29  Phoenix (Chrono Boost)  
  41  3:30  Probe  
  45  3:40  Probe  
  46  3:48  Pylon  
  46  3:50  Gateway  
  46  3:59  Pylon  
  46  4:00  Probe (Chrono Boost)  
  46  4:01  Probe (Chrono Boost)  
  46  4:06  Phoenix  
  45  4:13  Probe (Chrono Boost)  
  46  4:18  Probe (Chrono Boost)  
  46  4:21  Probe (Chrono Boost)  
  47  4:27  Nexus, Probe  
  47  4:30  Phoenix  
  50  4:32  Probe  
  51  4:39  Probe  
  51  4:44  Probe  
  53  4:45  Adept x2  
  53  4:49  Pylon  
  53  4:52  Probe  
  58  4:55  Phoenix  
  58  4:56  Probe  
  58  4:58  Pylon  
  61  5:02  Assimilator  
  61  5:04  Probe  
  61  5:05  Assimilator  
  62  5:09  Probe  
  62  5:10  Pylon  
  63  5:16  Adept, Probe  
  63  5:17  Adept  
  68  5:21  Probe  
  68  5:26  Phoenix  
  68  5:28  Probe  
  72  5:33  Probe  
  73  5:40  Probe  
  74  5:44  Twilight Council  
  74  5:45  Probe  
  74  5:46  Forge  
  73  5:51  Phoenix  
  73  5:53  Probe, Sentry  
  73  5:56  Probe  
  77  5:59  Shield Battery  
  77  6:00  Probe  
  78  6:05  Probe, Sentry, Shield Battery  
  78  6:08  Probe  
  78  6:09  Pylon  
  82  6:13  Probe  
  82  6:17  Probe  
  84  6:19  Phoenix, Charge (Chrono Boost)  
  84  6:20  Probe  
  87  6:27  Stalker, Shield Battery  
  90  6:37  Stalker  
  90  6:39  Shield Battery  
  92  6:40  Shield Battery  
  92  6:42  Phoenix  
  92  6:44  Gateway x2  
  91  6:48  Phoenix  
  91  6:57  Gateway  
  91  6:58  Gateway  
  91  6:59  Zealot, Gateway  
  91  7:00  Zealot  
  94  7:04  Probe  
  94  7:05  Probe  
  96  7:08  Protoss Ground Armor Level 1 (Chrono Boost)  
  96  7:11  Probe  
  96  7:13  Phoenix  
  99  7:17  Gateway, Probe  
  99  7:21  Robotics Facility  
  100  7:28  Probe x2  
  102  7:31  Pylon  
  102  7:32  Pylon  
  98  7:46  Phoenix  
  98  7:48  Zealot x3  
  98  7:50  Probe x2  
  106  7:52  Templar Archives  
  106  7:55  Zealot x4  
  106  7:57  Probe  
  106  7:58  Pylon  
  115  8:01  Assimilator  
  115  8:02  Assimilator, Probe  
  116  8:11  Zealot x3, Phoenix (Chrono Boost)  
  117  8:17  Zealot x4  
  123  8:20  Zealot  
  125  8:32  Zealot x3, Phoenix (Chrono Boost)  
  133  8:40  Zealot x4  
  127  8:43  Zealot  
  99  8:51  Phoenix (Chrono Boost)  
  99  8:52  Zealot x2  
  99  8:53  Zealot  
  81  9:04  Zealot x5  
  91  9:13  Phoenix (Chrono Boost)  
  91  9:14  Zealot x2  
  85  9:25  Zealot x5  
  85  9:31  Phoenix (Chrono Boost)  
  93  9:35  Zealot x2  
  85  9:46  High Templar x4  
  85  9:48  Zealot  
  85  9:50  Archon  
  85  9:51  Gateway, Archon  
  85  9:52  Phoenix (Chrono Boost)  
  95  10:00  Zealot x2  
  89  10:15  Phoenix  
  89  10:19  Zealot x5  
  95  10:22  Protoss Ground Weapons Level 1 (Chrono Boost)  
  95  10:23  Zealot x2  
  95  10:27  Robotics Facility  
  99  10:40  Zealot, Phoenix  
  99  10:41  Zealot x4  
  105  10:49  Probe x3  
  106  10:54  Assimilator  
  106  10:57  Pylon  
  106  11:05  Phoenix  
  106  11:07  Pylon  
  106  11:10  Pylon x2  
  106  11:11  Pylon  
  108  11:17  Zealot x5  
  117  11:22  Zealot  
  117  11:23  Zealot x2  
  76  11:35  Phoenix (Chrono Boost)  
  76  11:38  Zealot x5  
  82  11:43  Zealot  
  82  11:44  Zealot x2  
  82  11:46  Pylon  
  83  12:01  Zealot x5  
  73  12:08  Zealot x3  
  70  12:24  Zealot x4  
Show
View Real Time Build Order
Export as new Build Order

AqueroN Terran - Winner!

Build Orders: 1/1/1 

Get SALT Encoding   

  12  0:00  SCV  
  13  0:12  SCV  
  14  0:17  Supply Depot  
  14  0:24  SCV  
  15  0:38  SCV  
  15  0:39  Barracks  
  16  0:44  Refinery  
  16  0:50  SCV  
  16  0:53  Refinery  
  17  1:02  SCV  
  18  1:15  SCV  
  19  1:26  Marine  
  19  1:27  Orbital Command  
  20  1:33  Factory  
  20  1:44  Marine  
  20  1:45  Supply Depot  
  21  1:52  SCV  
  22  2:01  Marine  
  22  2:07  SCV  
  24  2:14  Supply Depot  
  24  2:17  Starport, Hellion  
  24  2:19  SCV  
  24  2:21  Marine  
  28  2:32  SCV  
  29  2:38  Hellion  
  31  2:45  SCV  
  32  2:54  Medivac  
  34  2:59  Barracks Reactor  
  34  3:00  Hellion  
  36  3:08  Command Center  
  36  3:11  SCV  
  37  3:16  Supply Depot  
  37  3:23  SCV  
  38  3:35  SCV  
  38  3:37  Marine x2  
  38  3:41  Supply Depot  
  41  3:47  SCV  
  42  3:53  Barracks  
  42  3:55  Supply Depot  
  42  3:57  Marine x2  
  42  3:59  SCV  
  43  4:11  SCV  
  43  4:15  Marine x2  
  43  4:16  Factory Tech Lab  
  42  4:20  Viking  
  42  4:23  SCV  
  45  4:34  Marine x2  
  45  4:36  SCV  
  45  4:37  Cyclone  
  49  4:42  Barracks Tech Lab  
  49  4:44  Orbital Command  
  49  4:48  SCV  
  50  4:53  Barracks  
  50  4:54  Marine  
  50  4:55  Marine  
  52  5:00  SCV  
  52  5:02  Viking  
  52  5:06  Stimpack  
  55  5:07  Marine  
  55  5:11  SCV  
  55  5:14  Marine x2  
  57  5:16  Siege Tank  
  63  5:21  SCV  
  63  5:22  Supply Depot  
  63  5:23  SCV  
  63  5:27  Marine  
  65  5:33  SCV, Starport Reactor, Marine x2  
  65  5:35  Viking  
  70  5:38  SCV  
  71  5:45  SCV  
  71  5:47  Barracks Tech Lab, Marine  
  73  5:50  SCV, Siege Tank  
  73  5:51  Marine x2  
  78  5:57  SCV  
  78  6:02  SCV  
  80  6:04  Combat Shield, Engineering Bay  
  80  6:07  Starport Reactor  
  80  6:08  Marine x2  
  80  6:09  SCV  
  83  6:15  SCV  
  83  6:16  Supply Depot  
  80  6:25  SCV  
  80  6:27  SCV, Marine x4  
  80  6:32  Siege Tank  
  89  6:37  SCV  
  89  6:38  Terran Infantry Weapons Level 1  
  89  6:39  SCV  
  89  6:45  Medivac  
  91  6:50  SCV  
  91  6:52  Medivac  
  91  6:54  Marine x4  
  95  7:00  Supply Depot  
  95  7:01  Supply Depot  
  98  7:04  Barracks  
  98  7:05  Refinery, Barracks  
  97  7:12  Marine x4  
  97  7:14  SCV  
  102  7:21  SCV, Siege Tank  
  106  7:30  Marine x4  
  106  7:34  SCV x2  
  100  7:47  SCV x2  
  100  7:48  Marine x4  
  104  7:53  Siege Tank  
  104  7:56  Barracks Tech Lab, Barracks Reactor  
  107  7:59  SCV  
  107  8:00  SCV  
  109  8:06  Marauder  
  110  8:14  Marine x2  
  110  8:15  Marine x2  
  114  8:22  Bunker  
  114  8:24  Bunker  
  114  8:27  Marine  
  114  8:31  Siege Tank  
  114  8:32  Marine  
  118  8:34  Bunker, Marine  
  118  8:37  Marine x2  
  109  8:46  Marine  
  90  8:48  Marine  
  90  8:49  Marine  
  90  8:50  Marine  
  90  8:52  Medivac  
  85  9:03  Siege Tank  
  85  9:05  Missile Turret  
  85  9:06  Bunker x2  
  85  9:07  Bunker  
  85  9:08  Marine x3  
  91  9:16  Marine x2  
  87  9:17  Marine x2  
  87  9:18  Medivac  
  87  9:19  SCV  
  87  9:20  SCV  
  87  9:22  Supply Depot  
  93  9:25  Supply Depot  
  90  9:34  Marine x2  
  86  9:39  Marine  
  86  9:41  Marine x4  
  86  9:42  Siege Tank  
  94  9:46  SCV x2  
  94  9:52  Marine x2  
  98  9:57  Marine  
  98  9:58  SCV x2, Marine  
  99  10:00  Marine x3  
  99  10:02  Bunker  
  99  10:10  SCV  
  99  10:12  Marine x2  
  99  10:14  Siege Tank  
  99  10:19  Marine x5  
  100  10:23  Medivac x2  
  104  10:29  Marine  
  104  10:30  Marine  
  106  10:36  Marine x2  
  106  10:37  Marine x3  
  106  10:39  SCV  
  107  10:47  SCV, Siege Tank, Marine x2  
  107  10:51  SCV  
  107  10:52  Liberator  
  107  10:54  Marine x3  
  107  10:55  Marine x2  
  112  11:00  Liberator  
  115  11:05  Marine  
  116  11:13  Marine x4  
  115  11:23  Marine x3  
  91  11:36  Marine  
  91  11:37  Marine x2  
  91  11:38  Marine  
  91  11:39  Liberator  
  94  11:41  Marine x2  
  94  11:43  Marine  
  97  11:54  Marine  
  95  11:56  Marine x3  
  87  12:02  Marine x3  
  92  12:11  Marine  
  95  12:18  SCV  

Tags
 
Add a new tag
Caveats
  • Supply blocks, unpowered buildings, or Contaminate may cause inaccurate times.
  • Supply counts are checked every 10 seconds.